 Dungeon Crawl Stone Soup version 0.29-a0-994-gc5c9f59d18 (webtiles) character file.

Game seed: 17887328755364634681

926 MisterAzrael the Conjurer (level 7, -2/36 HPs)
             Began as a Deep Elf Air Elementalist on Aug 4, 2022.
             Was an Initiate of Sif Muna.
             Killed from afar by Maggie (24 damage)
             ... with a bolt of fire
             ... on level 6 of the Dungeon.
             The game lasted 00:06:06 (5243 turns).

MisterAzrael the Conjurer (DEAE)                    Turns: 5243, Time: 00:06:07

Health: -2/36      AC:  6    Str:  5    XL:     7   Next: 85%
Magic:  0/18       EV: 12    Int: 22    God:    Sif Muna [......]
Gold:   176        SH:  0    Dex: 15    Spells: 9/18 levels left

rFire   . . .      SeeInvis .   e - +0 dagger (elec)
rCold   . . .      Faith    .   (no shield)
rNeg    . . .      Spirit   +   a - +0 robe
rPois   .          Reflect  .   (no helmet)
rElec   .          Harm     .   (no cloak)
rCorr   .          Rampage  .   (no gloves)
Will    +....                   (no boots)
Stlth   ++........              f - amulet of guardian spirit
HPRegen 0.12/turn               c - ring of willpower
MPRegen 0.16/turn               n - +4 ring of protection

@: flying
A: no striking features
a: Renounce Religion


You were on level 6 of the Dungeon.
You worshipped Sif Muna.
Sif Muna was noncommittal.
You visited 2 branches of the dungeon, and saw 7 of its levels.

You collected 176 gold pieces.

Inventory:

Hand Weapons
 e - a +0 dagger of electrocution (weapon)
Armour
 a - a +0 robe (worn)
 i - a +0 pair of boots
Jewellery
 c - a ring of willpower (left hand)
 f - an amulet of guardian spirit (around neck)
 n - a +4 ring of protection (right hand)
 v - an amulet of regeneration
 w - a +6 ring of strength
Scrolls
 b - a scroll of enchant weapon {unknown}
 d - 5 scrolls of identify {unknown}
 g - 2 scrolls of fear {unknown}
 h - 2 scrolls of teleportation {unknown}
 p - a scroll of torment {unknown}
 q - 2 scrolls of noise {unknown}
 u - a scroll of summoning {unknown}
 y - a scroll of immolation {unknown}
 z - 2 scrolls of magic mapping {unknown}
Potions
 j - a potion of might {unknown}
 k - a potion of berserk rage {unknown}
 l - a potion of flight
 m - 3 potions of curing
 o - a potion of mutation {unknown}
 r - a potion of attraction {unknown}
 s - a potion of cancellation {unknown}
 t - a potion of invisibility {unknown}
 x - a potion of brilliance {unknown}


   Skills:
 - Level 2.5 Dodging
 - Level 2.5 Stealth
 + Level 6.1 Spellcasting
 * Level 6.4 Conjurations
 + Level 3.7 Necromancy
 + Level 5.1 Air Magic


You had 9 spell levels left.
You knew the following spells:

 Your Spells              Type           Power      Damage    Failure   Level
a - Shock                 Conj/Air       100%       1d9       1%          1
b - Static Discharge      Conj/Air       32%        3-7/arc   1%          2
c - Swiftness             Air            29%        N/A       3%          3
d - Vampiric Draining     Necr           23%        2d7       6%          3

Your spell library contained the following spells:

 Spells                   Type           Power      Damage    Failure   Level
 Necrotise                Necr           92%        1d8       1%          1
 Airstrike                Air            14%        2d(3-19)  11%         4
 Gell's Gravitas          Tloc           6%         N/A       26%         3
 Lesser Beckoning         Tloc           6%         N/A       26%         3
 Teleport Other           Tloc           6%         N/A       26%         3
 Agony                    Necr           23%        N/A       50%         5
 Borgnjor's Vile Clutch   Necr/Erth      7%         N/A       75%         5
 Alistair's Intoxication  Tmut/Pois      4%         N/A       94%         5
 Eringya's Noxious Bog    Tmut/Pois      3%         N/A       100%        6


Dungeon Overview and Level Annotations

Branches:
Dungeon (6/15)             Temple (1/1) D:4

Altars:
Ashenzari
Cheibriados
Hepliaklqana
Kikubaaqudgha
Makhleb
Nemelex Xobeh
Okawaru
Qazlal
Sif Muna
Uskayaw
Wu Jian
Yredelemnul
Zin

Annotations:
D:3 Sigmund
D:4 1 runed translucent door, kd29's ghost, amateur GrFE
D:6 Maggie


Message History

Maggie is nearby!
Okay, then.
Maggie hits you with a +0 halberd!
Casting: Static Discharge (safe; 1% risk of failure)
Confirm with . or Enter, or press ? or * to list all spells.
Maggie is struck by an arc of lightning!
Maggie is lightly wounded.
You are struck by an arc of lightning.
Maggie is struck by an arc of lightning.
Maggie is moderately wounded.
The lightning grounds out.
Maggie misses you.
Casting: Static Discharge (safe; 1% risk of failure)
Confirm with . or Enter, or press ? or * to list all spells.
Maggie is struck by an arc of lightning.
Maggie is moderately wounded.
You are struck by an arc of lightning.
Maggie is struck by an arc of lightning!
Maggie is heavily wounded.
The lightning grounds out.
Maggie hits you with a +0 halberd!
Casting: Static Discharge (safe; 1% risk of failure)
Confirm with . or Enter, or press ? or * to list all spells.
Maggie is struck by an arc of lightning!
Maggie is heavily wounded.
You are struck by an arc of lightning.
The lightning grounds out.
Maggie hits you with a +0 halberd.
Casting: Static Discharge (safe; 1% risk of failure)
Confirm with . or Enter, or press ? or * to list all spells.
Maggie is struck by an arc of lightning!
Maggie is severely wounded.
You are struck by an arc of lightning.
The lightning grounds out.
Maggie mumbles some strange words.
Maggie attempts to bespell you! You resist with almost no effort.
It was a potion of curing.
You feel better. Maggie misses you.
It was a potion of flight.
You feel very buoyant.
You fly up into the air.
Maggie gestures at you while chanting. The bolt of fire hits you!!
Ouch! That really hurt!
You die...

...# . ....
.. ...#.
... #...#
###..
#...###...
###......@#
#.......@.#
...###<###
#."..#
####.....
##.#


You could see Maggie.

Vanquished Creatures
  Grinder (D:4)
  2 black bears (D:4)
  2 ogres
  Blork the orc (D:4)
  A necrophage (D:4)
  A hound (D:4)
  An orc priest (D:5)
  An iguana (D:5)
  4 gnolls (D:5)
  9 adders
  2 worms (D:4)
  2 dart slugs
  4 orcs (D:5)
  A ball python (D:4)
  5 endoplasms
  2 giant cockroaches
  6 goblins
  4 hobgoblins
  2 quokkas
  6 bats
  6 kobolds
  3 rats
66 creatures vanquished.

Notes
Turn   | Place    | Note
-------+----------+-------------------------------------------
     0 | D:1      | MisterAzrael the Deep Elf Air Elementalist began the quest
                  | for the Orb.
     0 | D:1      | Reached XP level 1. HP: 10/10 MP: 6/6
   309 | D:1      | Reached XP level 2. HP: 15/15 MP: 0/8
  1547 | D:1      | Found an ancient bone altar of Kikubaaqudgha.
  1597 | D:2      | Reached XP level 3. HP: 19/19 MP: 6/10
  1644 | D:2      | Learned a level 2 spell: Static Discharge
  2557 | D:3      | Found a faded altar of an unknown god.
  2651 | D:3      | Noticed Sigmund
  2752 | D:4      | Noticed an ogre
  2758 | D:4      | Killed an ogre
  2759 | D:4      | Reached XP level 4. HP: 22/24 MP: 4/12
  2759 | D:4      | Reached XP level 5. HP: 25/28 MP: 4/13
  2828 | D:4      | Learned a level 3 spell: Swiftness
  2832 | D:4      | Learned a level 3 spell: Vampiric Draining
  2852 | D:4      | Noticed a black bear
  2862 | D:4      | Reached skill level 1 in Necromancy
  2865 | D:4      | Killed a black bear
  2866 | D:4      | Reached XP level 6. HP: 25/32 MP: 8/15
  2939 | D:4      | Noticed Blork the orc
  2951 | D:4      | Killed Blork the orc
  2952 | D:4      | Reached skill level 5 in Spellcasting
  2952 | D:4      | Reached skill level 5 in Conjurations
  3159 | D:4      | Found a runed translucent door.
  3177 | D:4      | Noticed kd29's ghost (amateur GrFE)
  3368 | D:4      | Noticed Grinder
  3375 | D:4      | Killed Grinder
  3376 | D:4      | Reached XP level 7. HP: 18/36 MP: 0/17
  3672 | D:4      | Found a staircase to the Ecumenical Temple.
  3680 | Temple   | Entered the Ecumenical Temple
  3936 | Temple   | Became a worshipper of Sif Muna the Loreminder
  4123 | D:5      | Entered Level 5 of the Dungeon
  4887 | D:5      | Reached skill level 5 in Air Magic
  5236 | D:6      | Noticed Maggie
  5243 | D:6      | Killed from afar by Maggie

Illustrated notes

Levels and vault maps discovered:
D:1:      dpeg_arrival_lava_altar, layout_basic,
          nicolae_concentric_dashed_squares_mild, minmay_misc_feat_nine_boxes,
          chequers_serial_rivers_marsh, minmay_misc_feat_alley,
          amethyst_killhole, minmay_tetromino_i4
D:2:      layout_loops_ring
D:3:      layout_basic, mainiacjoe_overflow_tiny_flanked,
          minmay_overflow_temple_star_quad, nicolae_elyvilon_peaceful_grove,
          basic_ecumenical_altar, uniq_terence, uniq_sigmund
D:4:      layout_cave_pools, temple_green, hellmonk_ghost_happy_afterlife,
          minmay_statues_item, uniq_grinder, uniq_blork_the_orc
D:5:      layout_basic
D:6:      layout_rooms, mainiacjoe_overflow_boulevard, uniq_eustachio,
          uniq_crazy_yiuf_cottage, uniq_maggie
Temple:   minmay_temple_bridge_abc

Skill      XL: |  1  2  3  4  5  6  7 |
---------------+----------------------+-----
Conjurations   | 2 3 4 5 6 |  6.4
Spellcasting   | 4 5 6 |  6.1
Necromancy     | 1 2 3 |  3.7
Air Magic      | 4 5 |  5.1
Dodging        | |  2.5
Stealth        | |  2.5

Action                   |  1- 3 |  4- 6 |  7- 9 || total
-------------------------+-------+-------+-------++-------
Melee: Unarmed           |     2 |       |       ||     2
       Dagger            |    29 |    18 |    17 ||    64
       Punch             |     1 |       |       ||     1
 Cast: Shock             |    42 |     1 |       ||    43
       Static Discharge  |    10 |    18 |    26 ||    54
  Use: Potion            |     1 |     4 |     2 ||     7
 Stab: Sleeping          |     1 |       |     5 ||     6
Armor: Robe              |    12 |    13 |    12 ||    37
Dodge: Dodged            |    41 |    23 |    27 ||    91

Table legend: (Time is in decaauts)
 A = Elapsed time spent in this place.
 B = Non-inter-level travel time spent in this place.
 C = Inter-level travel time spent in this place.
 D = Time resting spent in this place.
 E = Time spent auto-exploring this place.
 F = Levels seen in this place.
 G = Mean time per level.
                   A        B        C        D        E       F      G
               +--------+--------+--------+--------+--------+-----+--------+
         Total |   5242 |   5148 |     94 |    761 |   3887 |   7 |  748.9 |
       Dungeon |   4952 |   4883 |     69 |    761 |   3658 |   6 |  825.3 |
        Temple |    290 |    265 |     25 |      0 |    229 |   1 |  290.0 |
               +--------+--------+--------+--------+--------+-----+--------+

Top non-repeatable levels by time:
     D:1: 1562 daAuts
     D:4: 1168 daAuts
     D:5: 1112 daAuts
     D:2: 987 daAuts
  Temple: 290 daAuts
     D:3: 114 daAuts
     D:6: 6 daAuts
